Map: Ephemeron LE

Players

Scarlett - Winner!

  • Race: Zerg Zerg
  • Spawn Location: 5:00

maru

  • Race: Terran Terran
  • League: Platinum
  • Spawn Location: 11:00

VOD

Have the link to the VOD?

Description

Time

  • Played on: Jan. 7, 2020, 7:10 p.m.
  • Length: 10:23
Show
View Real Time Build Order
Export as new Build Order

Scarlett Zerg - Winner!

Build Orders: Hatch First, Ravager All-In 

Get SALT Encoding   

  12  0:00  Drone  
  13  0:12  Overlord  
  13  0:17  Drone  
  14  0:30  Drone x2  
  16  0:47  Hatchery  
  15  0:51  Drone  
  15  0:54  Drone  
  17  0:58  Drone  
  18  1:09  Extractor  
  17  1:13  Spawning Pool  
  17  1:17  Drone  
  17  1:20  Drone  
  18  1:28  Drone  
  19  1:39  Drone  
  20  1:51  Overlord  
  20  1:59  Queen x2  
  20  2:00  Zergling x4  
  26  2:09  Metabolic Boost  
  26  2:11  Drone  
  26  2:12  Drone  
  28  2:21  Drone  
  29  2:25  Extractor, Drone  
  29  2:31  Drone  
  29  2:32  Drone  
  29  2:35  Queen  
  34  2:45  Drone x2  
  36  2:56  Hatchery  
  34  2:59  Overlord  
  34  3:01  Drone  
  35  3:05  Overlord  
  35  3:07  Drone  
  35  3:09  Extractor  
  35  3:10  Drone  
  36  3:16  Extractor  
  36  3:18  Drone, Roach Warren  
  35  3:20  Drone  
  35  3:22  Drone  
  35  3:24  Zergling x2  
  38  3:34  Drone x2  
  38  3:40  Drone x4  
  44  3:44  Drone x3  
  47  3:50  Overlord  
  47  3:54  Overlord  
  47  4:02  Roach x2  
  51  4:08  Overlord  
  51  4:09  Roach  
  53  4:11  Roach  
  53  4:15  Roach x2  
  53  4:17  Roach  
  61  4:22  Roach x2  
  61  4:23  Zergling x2  
  66  4:26  Zergling x2, Ravager x2  
  66  4:29  Zergling x2  
  66  4:31  Zergling x2  
  71  4:33  Ravager  
  71  4:35  Zergling x4  
  71  4:38  Ravager  
  75  4:39  Zergling x2  
  76  4:47  Zergling x8  
  76  4:51  Ravager, Overlord x2  
  81  4:57  Overlord  
  79  5:05  Overlord  
  77  5:19  Drone, Overlord x2  
  77  5:20  Drone x7  
  84  5:28  Drone x3, Overlord  
  82  5:34  Queen  
  75  5:38  Drone  
  75  5:39  Drone x2  
  66  5:53  Spore Crawler  
  66  5:54  Spore Crawler x2, Queen  
  66  5:55  Queen  
  62  5:59  Zergling x6  
  62  6:00  Zergling x2  
  64  6:09  Spore Crawler  
  64  6:10  Drone x4  
  66  6:29  Drone x10  
  66  6:32  Lair  
  76  6:38  Drone x3  
  79  6:44  Overlord x3  
  79  6:47  Roach  
  79  6:49  Extractor  
  79  6:54  Roach x4  
  86  6:56  Extractor  
  86  6:57  Extractor  
  86  6:59  Evolution Chamber  
  83  7:03  Drone x2  
  83  7:04  Drone x2  
  83  7:05  Queen  
  88  7:09  Queen  
  88  7:12  Zergling x2, Roach x2  
  75  7:25  Drone x4  
  75  7:28  Zerg Missile Weapons Level 1  
  79  7:30  Drone x2  
  79  7:33  Drone x2  
  82  7:38  Drone  
  82  7:39  Drone  
  82  7:41  Queen  
  82  7:43  Spire  
  85  7:44  Drone  
  85  7:47  Drone x2  
  85  7:50  Glial Reconstitution  
  88  7:52  Queen  
  88  7:54  Drone  
  88  7:57  Drone  
  88  7:58  Overseer  
  92  8:01  Drone  
  93  8:06  Drone  
  93  8:07  Drone  
  93  8:09  Drone x3  
  98  8:14  Drone  
  98  8:15  Drone  
  98  8:19  Roach x4  
  108  8:27  Queen  
  108  8:30  Overlord  
  110  8:35  Roach  
  110  8:36  Hatchery, Roach x2  
  115  8:41  Overseer  
  115  8:55  Corruptor  
  115  8:56  Corruptor x4  
  125  9:05  Corruptor x3  
  131  9:11  Corruptor  
  131  9:13  Corruptor  
  129  9:26  Roach x7  
  141  9:31  Roach x2  
  143  9:39  Overlord  
  143  9:48  Roach x6  
  143  9:50  Overlord  
  143  9:51  Ravager x4  
  143  9:52  Ravager x2  
  159  9:58  Roach x3  
  159  9:59  Ravager  
Show
View Real Time Build Order
Export as new Build Order

maru Terran 

Build Orders: Reaper Expand 

Get SALT Encoding   

  12  0:00  SCV  
  13  0:13  SCV  
  14  0:17  Supply Depot  
  14  0:25  SCV  
  15  0:39  SCV  
  15  0:40  Barracks  
  16  0:44  Refinery  
  16  0:51  SCV  
  17  1:03  SCV  
  18  1:15  SCV  
  19  1:28  Reaper, Orbital Command  
  20  1:41  Command Center  
  20  1:53  SCV  
  21  1:56  Supply Depot  
  21  1:59  Marine  
  22  2:05  SCV  
  23  2:09  Factory  
  23  2:17  SCV  
  23  2:19  Refinery  
  23  2:21  Barracks Reactor  
  24  2:26  Bunker  
  24  2:30  SCV  
  25  2:42  SCV  
  26  2:54  SCV  
  27  2:59  Starport  
  27  3:01  Orbital Command  
  29  3:05  Hellion  
  29  3:06  SCV, Hellion  
  29  3:11  Marine  
  33  3:19  SCV  
  34  3:23  Supply Depot  
  34  3:28  Hellion  
  34  3:29  Hellion  
  34  3:33  SCV  
  39  3:34  SCV  
  39  3:38  Fusion Core  
  39  3:39  Starport Tech Lab  
  39  3:46  SCV x2  
  41  3:58  SCV  
  41  3:59  SCV  
  43  4:10  SCV, Command Center  
  43  4:11  SCV  
  43  4:15  Supply Depot  
  45  4:22  SCV  
  45  4:23  SCV  
  47  4:26  Battlecruiser  
  53  4:34  SCV  
  53  4:37  SCV, Hellion x2  
  59  4:39  Supply Depot  
  59  4:43  Refinery  
  59  4:44  Refinery  
  59  4:46  SCV  
  59  4:48  Weapon Refit  
  59  4:52  SCV  
  61  4:53  Marine  
  61  4:55  Bunker  
  62  5:05  Hellion x2  
  62  5:06  SCV  
  54  5:29  SCV  
  54  5:31  Hellion  
  54  5:34  Hellion  
  48  5:39  SCV  
  48  5:41  SCV  
  41  5:44  Battlecruiser  
  42  5:54  SCV x2  
  35  6:10  Hellion x2  
  35  6:11  SCV  
  40  6:14  SCV  
  41  6:23  SCV  
  42  6:26  SCV  
  43  6:35  SCV  
  43  6:38  SCV  
  45  6:41  Command Center  
  45  6:47  SCV  
  45  6:50  Marine, SCV  
  45  6:51  Supply Depot  
  48  6:59  SCV  
  49  7:03  SCV, Hellion x2  
  54  7:12  SCV  
  54  7:15  SCV  
  50  7:24  SCV  
  50  7:27  SCV  
  50  7:28  Battlecruiser  
  50  7:37  SCV  
  51  7:39  SCV  
  51  7:40  Factory Tech Lab  
  52  7:47  Factory  
  52  7:49  SCV  
  52  7:51  Marine x2  
  54  7:53  SCV, Orbital Command  
  56  8:00  Barracks  
  56  8:01  SCV  
  56  8:02  Siege Tank  
  56  8:05  SCV  
  61  8:12  Marine x2  
  63  8:13  SCV  
  63  8:17  SCV  
  63  8:19  SCV  
  66  8:25  SCV  
  67  8:29  Marine x2  
  67  8:30  SCV, Barracks  
  67  8:31  SCV  
  67  8:33  Supply Depot  
  71  8:37  SCV  
  71  8:40  Engineering Bay  
  72  8:41  Engineering Bay  
  72  8:46  SCV  
  72  8:47  SCV  
  72  8:48  Supply Depot  
  74  8:49  Barracks Tech Lab  
  74  8:51  SCV  
  75  8:55  Supply Depot  
  75  8:59  Siege Tank x2  
  75  9:02  SCV  
  82  9:03  SCV, Orbital Command  
  83  9:16  SCV  
  84  9:20  SCV  
  85  9:28  Marine x3, SCV  
  89  9:32  Missile Turret  
  89  9:33  SCV x2, Missile Turret  
  89  9:34  Supply Depot  
  91  9:40  SCV, Barracks Reactor  
  91  9:41  Siege Tank  
  91  9:42  Starport Reactor  
  95  9:46  Marine  
  95  9:50  SCV x2  
  97  9:53  Missile Turret  
  97  10:05  SCV x2  
Tags
 
Add a new tag
Caveats
  • Supply blocks, unpowered buildings, or Contaminate may cause inaccurate times.
  • Supply counts are checked every 10 seconds.